 Dungeon Crawl Stone Soup version 0.23.1 (webtiles) character file.

Game seed: 3190766045906796279

19 Monsterracer the Chopper (level 2, 0/23 HPs)
             Began as a Demonspawn Gladiator on Mar 8, 2019.
             Succumbed to an orc's poison
             ... on level 2 of the Dungeon.
             The game lasted 00:00:47 (1012 turns).

Monsterracer the Chopper (Demonspawn Gladiator)     Turns: 1012, Time: 00:00:48

Health: 0/23       AC:  5    Str: 14    XL:     2   Next: 55%
Magic:  2/2        EV:  7    Int:  9    God:
Gold:   44         SH:  0    Dex: 14    Spells: 1/1 levels left

rFire    . . .     SeeInvis .   a - +0 war axe
rCold    . . .     Gourm    .   (no shield)
rNeg     . . .     Faith    .   i - +0 chain mail
rPois    .         Spirit   .   (helmet restricted)
rElec    .         Reflect  .   (no cloak)
rCorr    .         Harm     .   (no gloves)
MR       .....                  (no boots)
Stlth    ..........             (no amulet)
HPRegen  0.07/turn              j - -3 ring of protection (curse)
MPRegen  0.08/turn              (no ring)

@: lethally poisoned (0 -> -4)
A: horns 1
a: no special abilities


You were on level 2 of the Dungeon.
You were not hungry.

You visited 1 branch of the dungeon, and saw 2 of its levels.

You collected 44 gold pieces.


Innate Abilities, Weirdness & Mutations

You have a pair of small horns on your head.


   Skills:
 * Level 2.5 Fighting
 - Level 3.1 Axes
 - Level 1.7 Throwing
 - Level 2.6 Dodging
 + Level 0.5 Unarmed Combat


You had one spell level left.
You didn't know any spells.
Your spell library was empty.

Inventory:

Hand Weapons
 a - a +0 war axe (weapon)
Missiles
 d - 3 throwing nets (quivered) {!f}
Armour
 f - a +0 helmet
 i - a +0 chain mail (worn)
   (You found it on level 1 of the Dungeon)
Jewellery
 j - a cursed -3 ring of protection (left hand)
   (You found it on level 1 of the Dungeon)
Scrolls
 b - 2 scrolls of identify {unknown}
 g - a scroll of teleportation {unknown}
 h - 2 scrolls of remove curse {unknown}
 k - a scroll of blinking {unknown}
Potions
 e - a potion of heal wounds {unknown}
Comestibles
 c - 2 rations

Dungeon Overview and Level Annotations

Branches:
Dungeon (2/15)

Altars:

#####w...##
..........## .
#.........##
#.#..........#
............+
#...(......#
#......># #..@..#
#.# ##...## #.#
##)## #.# #.# #.#
#.# #.# #. ##.##
#.# ##.###...##
#.#
..........#####.#
##.#.#......†...#


You could see a worm (wandering).


Message History

You kill the goblin!
HP restored.
As you open the door, it creaks loudly!
A kobold comes into view. It is wielding a +0 dagger.
The kobold shouts!
A giant cockroach comes into view.
A leopard gecko comes into view.
Found 10 poisoned needles.
Found a stone staircase leading down.
Health restored: 23 An orc comes into view.
It is wielding a +0 falchion of venom.
The leopard gecko hisses angrily.
The orc shouts!
There is an open door here.
There are monsters nearby!
There are monsters nearby!
You barely miss the leopard gecko. You barely miss the kobold.
The leopard gecko bites you. The kobold hits you but does no damage.
You take 2 damage, and have 21/23 hp.
You completely miss the leopard gecko. Your headbutt misses the leopard gecko.
You hit the giant cockroach. You miss the kobold.
The leopard gecko barely misses you.
The giant cockroach bites you but does no damage.
The kobold closely misses you.
The leopard gecko bites you but does no damage.
The giant cockroach barely misses you. The kobold barely misses you.
There is an open door here.
You hit the leopard gecko.
You kill the leopard gecko!
The giant cockroach bites you but does no damage.
You hit the giant cockroach.
You kill the giant cockroach!
You hit the orc.
The orc is heavily wounded.
The orc hits you with a +0 falchion of venom.
You are lethally poisoned!
The orc closely misses you.
You take 6 damage, and have 16/23 hp.
MASSIVE DAMAGE!!
You are too injured to fight recklessly!
Your chain mail prevents you from hitting the orc.
The orc is heavily wounded.
You feel sick. The orc completely misses you.
You take 2 damage, and have 14/23 hp.
You are too injured to fight recklessly!
You slash the orc!
You kill the orc!
You feel sick.
You take 2 damage, and have 12/23 hp.
You are too injured to fight recklessly!
You closely miss the kobold.
* * * LOW HITPOINT WARNING * * *
You feel sick. The kobold hits you but does no damage.
You take 1 damage, and have 11/23 hp.
Unknown command.
Your chain mail prevents you from hitting the kobold.
* * * LOW HITPOINT WARNING * * *
You feel sick. The kobold barely misses you.
The kobold hits you but does no damage.
You take 1 damage, and have 10/23 hp.
Your chain mail prevents you from hitting the kobold.
* * * LOW HITPOINT WARNING * * *
You feel sick. The kobold barely misses you.
You take 2 damage, and have 8/23 hp.
You hit the kobold but do no damage. Your headbutt misses the kobold.
* * * LOW HITPOINT WARNING * * *
You feel sick. The kobold hits you with a +0 dagger.
* * * LOW HITPOINT WARNING * * *
You take 3 damage, and have 5/23 hp.
You hit the kobold but do no damage. You headbutt the kobold.
You kill the kobold!
Unknown command.
* * * LOW HITPOINT WARNING * * *
You feel sick.
There is an open door here.
Items here: )) †† a +0 dagger; a +0 falchion of venom; a kobold corpse; an orc corpse
* * * LOW HITPOINT WARNING * * *
You feel sick.
You take 1 damage, and have 4/23 hp.
There is an open door here.
Items here: )) †† a +0 dagger; a +0 falchion of venom; a kobold corpse; an orc corpse
* * * LOW HITPOINT WARNING * * *
You feel sick.
You take 1 damage, and have 3/23 hp.
There is an open door here.
Items here: )) †† a +0 dagger; a +0 falchion of venom; a kobold corpse; an orc corpse
* * * LOW HITPOINT WARNING * * *
You feel sick.
There is an open door here.
Items here: )) †† a +0 dagger; a +0 falchion of venom; a kobold corpse; an orc corpse
* * * LOW HITPOINT WARNING * * *
You feel sick.
There is an open door here.
Items here: )) †† a +0 dagger; a +0 falchion of venom; a kobold corpse; an orc corpse You take 2 damage, and have 1/23 hp.
Unknown command.
A worm comes into view.
You die...

Skill      XL: |  1 |
---------------+----+-----
Axes           | 3 |  3.1
Fighting       | |  2.5
Throwing       | |  1.7
Dodging        | |  2.6
Unarmed Combat | |  0.5

Action                   || total
-------------------------++-------
Melee: War axe           ||    41
       Headbutt          ||     2
Armor: Chain mail        ||    24
       Ring mail         ||     3
       Leather armour    ||     1
Dodge: Dodged            ||    21

Levels and vault maps discovered:
D:1:      sevenhm_arrival_forest_fort_large_2, layout_loops_ring,
          corexii_leaking_fountain, minmay_distorted
D:2:      layout_loops_corners, nrook_mini_vaults, palyth_stone_intersect

Notes
Turn   | Place    | Note
-------+----------+-------------------------------------------
     0 | D:1      | Monsterracer the Demonspawn Gladiator began the quest for
                  | the Orb.
     0 | D:1      | Reached XP level 1. HP: 16/16 MP: 1/1
   383 | D:1      | Reached skill level 3 in Axes
   703 | D:1      | Gained mutation: You have a pair of small horns on your
                  | head. [demonic ancestry]
   703 | D:1      | Reached XP level 2. HP: 18/22 MP: 2/2
   997 | D:2      | HP: 11/23 [poisoned by an orc]
  1000 | D:2      | HP: 5/23 [kobold/+0 dagger (2)]
  1005 | D:2      | HP: 3/23 [poisoned by an orc]
  1009 | D:2      | HP: 1/23 [poisoned by an orc]
  1012 | D:2      | Succumbed to an orc's poison

Vanquished Creatures
  A dart slug (D:1)
  A leopard gecko (D:2)
  An orc (D:2)
  A giant cockroach (D:2)
  2 goblins (D:1 D:2)
  A hobgoblin (D:2)
  4 kobolds (D:1 D:2)
  2 bats (D:2)
  2 rats (D:1)
15 creatures vanquished.

Table legend:
 A = Turns spent in this place as a percentage of turns spent in the entire game.
 B = Non-inter-level travel turns spent in this place as a percentage of non-inter-level travel turns spent in the entire game.
 C = Inter-level travel turns spent in this place as a percentage of turns spent in this place.
 D = Turns resting spent in this place as a percentage of non-inter-level travel turns spent in this place.
 E = Turns spent auto-exploring this place as a percentage of non-inter-level travel turns spent in this place.
 F = Non-inter-level travel turns spent in this place divided by the number of levels of this place that you've seen.
                   A       B       C       D       E      F
               +-------+-------+-------+-------+-------+----------------------
         Total | 100.0 | 100.0 |   6.9 |   0.0 |  85.9 | 471.0
       Dungeon | 100.0 | 100.0 |   6.9 |   0.0 |  85.9 | 471.0
               +-------+-------+-------+-------+-------+----------------------

Table legend:
 A = Non-vault XP
 B = Vault XP
 C = Vault XP percentage of total XP
 D = Non-vault monster count
 E = Vault monster count
 F = Vault count percentage of total count
                 A         B        C        D         E       F
            +---------+---------+-------+---------+---------+-------
      Total |      28 |       0 |   0.0 |      15 |       0 |   0.0
            +---------+---------+-------+---------+---------+-------
        D:1 |      12 |       0 |   0.0 |       7 |       0 |   0.0
        D:2 |      16 |       0 |   0.0 |       8 |       0 |   0.0
            +---------+---------+-------+---------+---------+-------
